Map: Waterfall

Players

GuMiho - Winner!

  • Race: Terran Terran
  • League: Master
  • Spawn Location: 7:00

Ryung

  • Race: Terran Terran
  • Spawn Location: 1:00

VOD

Have the link to the VOD?

Description

Time

  • Played on: Oct. 20, 2022, 8:02 a.m.
  • Length: 14:17
Show
View Real Time Build Order
Export as new Build Order

GuMiho Terran - Winner!

Build Orders:  

Get SALT Encoding   

  12  0:00  SCV  
  13  0:12  SCV  
  14  0:17  Supply Depot  
  14  0:24  SCV  
  14  0:27  Refinery  
  15  0:38  SCV  
  16  0:44  Barracks  
  16  0:50  SCV  
  16  0:54  Refinery  
  17  1:02  SCV  
  18  1:14  SCV  
  19  1:30  Orbital Command  
  19  1:31  Reaper  
  20  1:36  Factory  
  20  1:54  Supply Depot  
  20  1:56  SCV  
  21  2:03  Reaper  
  22  2:08  SCV  
  23  2:20  Hellion, SCV  
  26  2:26  Command Center  
  26  2:33  SCV  
  27  2:37  Supply Depot, Barracks Tech Lab  
  27  2:41  Factory Tech Lab  
  27  2:46  SCV  
  28  2:56  Starport  
  28  2:58  SCV  
  28  3:02  Barracks Reactor  
  29  3:06  Cyclone  
  31  3:19  SCV  
  31  3:31  SCV  
  30  3:37  Refinery, Orbital Command  
  30  3:39  Raven, Marine x2  
  34  3:43  SCV  
  34  3:44  Refinery  
  35  3:55  SCV  
  36  3:57  Marine x2  
  36  4:01  Siege Tank  
  41  4:05  Supply Depot, SCV  
  41  4:08  SCV  
  43  4:15  Marine x2  
  45  4:17  SCV  
  45  4:20  SCV  
  45  4:21  Raven  
  49  4:24  Supply Depot  
  49  4:29  SCV  
  50  4:33  SCV  
  50  4:34  Supply Depot, Marine  
  52  4:41  Siege Tank  
  52  4:43  SCV  
  56  4:48  SCV  
  56  4:49  Supply Depot  
  56  4:51  Marine  
  58  4:55  SCV  
  59  5:00  SCV  
  59  5:01  Supply Depot  
  60  5:07  SCV  
  60  5:12  SCV  
  62  5:15  Viking x2  
  62  5:19  SCV  
  62  5:20  Siege Tank  
  70  5:24  SCV  
  70  5:26  Stimpack  
  71  5:31  SCV  
  71  5:33  Supply Depot  
  71  5:34  Marine  
  73  5:45  Viking x2  
  73  5:47  SCV x2  
  79  5:54  Command Center  
  79  5:57  Supply Depot  
  79  6:00  Marine  
  79  6:01  Siege Tank  
  79  6:03  SCV  
  81  6:05  SCV  
  82  6:22  Viking  
  82  6:23  Viking  
  83  6:30  SCV x2  
  83  6:31  Marine  
  82  6:35  Siege Tank  
  82  6:38  Barracks  
  85  6:40  Barracks  
  85  6:42  SCV  
  85  6:43  SCV  
  86  6:55  SCV x2  
  86  6:57  Viking x2  
  81  7:06  Orbital Command  
  81  7:07  SCV x2  
  80  7:19  SCV  
  73  7:27  Viking x2, SCV  
  73  7:29  Barracks Reactor x2  
  74  7:31  SCV, Siege Tank  
  74  7:32  SCV  
  79  7:39  SCV  
  79  7:40  Engineering Bay  
  79  7:41  Engineering Bay  
  80  7:44  Combat Shield  
  80  7:47  Marine  
  80  7:50  SCV x2  
  83  7:52  SCV  
  84  8:01  Viking x2  
  84  8:02  Barracks, SCV x2  
  84  8:04  SCV, Barracks  
  84  8:05  Siege Tank  
  94  8:07  Terran Infantry Armor Level 1, Terran Infantry Weapons Level 1  
  94  8:09  Supply Depot  
  94  8:11  Marine  
  94  8:12  Marine x2  
  96  8:13  Marine  
  96  8:14  Marine  
  96  8:15  SCV  
  96  8:16  SCV  
  96  8:17  SCV  
  101  8:24  Refinery  
  101  8:25  Refinery  
  101  8:29  SCV x3  
  104  8:36  Viking x2, Sensor Tower  
  104  8:37  Siege Tank  
  111  8:44  Marine x2  
  111  8:45  Marine  
  111  8:48  Barracks Reactor, Command Center, Marine x2  
  116  8:50  Barracks Reactor  
  116  8:52  Supply Depot  
  116  9:02  Marine  
  117  9:03  Armory  
  117  9:06  Medivac x2  
  117  9:07  Marine  
  117  9:08  Marine x3  
  125  9:10  Factory  
  125  9:14  Siege Tank  
  125  9:15  Supply Depot  
  128  9:22  Marine  
  129  9:25  Marine x2  
  129  9:27  Marine x3  
  129  9:28  Marine x2  
  129  9:29  Marine  
  137  9:39  Medivac x2  
  137  9:44  Marine x4  
  137  9:45  Marine x2  
  147  9:57  Marine x2  
  147  9:58  Factory Tech Lab  
  147  9:59  Marine  
  149  10:00  Siege Tank  
  149  10:01  Marine  
  149  10:02  Terran Infantry Armor Level 2, Terran Infantry Weapons Level 2  
  149  10:03  Terran Vehicle Weapons Level 1  
  154  10:09  Marine x3  
  154  10:10  Marine  
  154  10:11  Supply Depot  
  154  10:13  Supply Depot  
  158  10:24  Siege Tank  
  158  10:25  Medivac, Marine  
  158  10:26  Marine  
  164  10:33  Medivac, Siege Tank, Marine x3  
  172  10:35  Command Center  
  172  10:36  Planetary Fortress  
  172  10:39  Supply Depot  
  172  10:40  Supply Depot  
  172  10:41  Marine  
  172  10:42  Marine  
  172  10:49  Marine  
  172  10:50  Marine  
  172  10:55  Marine x3  
  177  11:03  Starport, Marine x2  
  179  11:05  Starport  
  179  11:10  Refinery  
  179  11:11  Refinery  
  170  11:33  Medivac x2, Siege Tank  
  170  11:34  Siege Tank  
  178  11:48  Marine x9  
  178  11:50  Starport Tech Lab x2  
  187  12:05  Marine  
  187  12:06  Marine x2  
  187  12:07  Siege Tank x2  
  196  12:09  Raven  
  196  12:10  Raven  
  200  12:16  Planetary Fortress  
  191  12:29  Marine x3  
  150  12:31  Marine x3  
  150  12:32  Marine  
  150  12:36  Marine x2  
  151  12:37  Viking  
  151  12:39  Siege Tank  
  156  12:47  Marine x3  
  156  12:49  Marine x4  
  163  12:54  Marine x2  
  165  13:03  Viking  
  165  13:04  Viking  
  165  13:05  Marine x3  
  172  13:07  Marine x2  
  172  13:09  Marine x2  
  176  13:16  Marine x2  
  178  13:23  Marine x3  
  178  13:25  Marine x2  
  183  13:27  Marine x2  
  178  13:40  Marine x2  
  170  13:42  Marine  
  170  13:43  Marine  
  170  13:44  Marine x2  
  170  13:46  Viking x4  
  170  13:47  Marine x2  
  177  13:48  Marine  
  178  13:58  Marine x2  
  178  14:00  Command Center  
Show
View Real Time Build Order
Export as new Build Order

Ryung Terran 

Build Orders:  

Get SALT Encoding   

  12  0:00  SCV  
  13  0:12  SCV  
  14  0:17  Supply Depot  
  14  0:24  SCV  
  15  0:38  SCV  
  15  0:39  Barracks  
  16  0:44  Refinery  
  16  0:51  SCV  
  16  0:54  Refinery  
  17  1:03  SCV  
  18  1:15  SCV  
  19  1:26  Reaper  
  19  1:27  Orbital Command  
  19  1:31  Supply Depot  
  20  1:43  Factory  
  20  1:52  SCV  
  21  1:58  Reaper  
  22  2:05  SCV  
  23  2:17  SCV  
  23  2:22  Command Center  
  24  2:28  Hellion  
  26  2:30  SCV  
  26  2:34  Barracks Reactor  
  27  2:39  Supply Depot  
  27  2:42  SCV  
  28  2:49  Widow Mine  
  30  2:54  Starport  
  30  2:56  SCV  
  31  3:08  SCV  
  31  3:11  Factory Tech Lab, Marine x2  
  31  3:22  SCV  
  32  3:29  Cyclone, Marine x2  
  37  3:36  Starport Tech Lab  
  37  3:38  SCV  
  38  3:51  SCV  
  38  3:55  Orbital Command  
  39  3:56  Refinery  
  39  3:58  Raven  
  39  4:00  Marine x2  
  43  4:03  SCV  
  44  4:12  Siege Tank  
  44  4:15  SCV  
  48  4:18  Supply Depot, Marine x2  
  48  4:21  SCV  
  51  4:27  SCV  
  52  4:33  SCV  
  53  4:39  Supply Depot, SCV  
  53  4:41  Raven  
  56  4:48  SCV  
  56  4:51  SCV  
  58  4:55  Siege Tank  
  58  4:58  Command Center  
  61  5:03  Supply Depot  
  61  5:04  SCV  
  61  5:05  SCV  
  63  5:16  SCV  
  63  5:17  SCV  
  63  5:27  Siege Tank  
  63  5:28  SCV  
  67  5:29  SCV  
  67  5:33  Refinery, Viking  
  67  5:34  Viking  
  72  5:39  Marine  
  72  5:42  SCV x2  
  75  5:44  Stimpack  
  75  5:47  Supply Depot  
  73  5:58  SCV x2  
  73  6:00  Marine  
  76  6:05  Viking  
  76  6:09  Siege Tank  
  81  6:11  Orbital Command  
  81  6:12  SCV x2  
  81  6:13  Viking  
  85  6:24  SCV x2  
  87  6:35  Viking  
  87  6:36  SCV  
  87  6:37  SCV  
  87  6:39  Barracks  
  91  6:40  Barracks  
  91  6:43  Viking  
  93  6:47  Engineering Bay  
  93  6:48  Siege Tank  
  93  6:49  SCV  
  93  6:50  Engineering Bay  
  95  6:58  SCV x2  
  81  7:05  Viking  
  83  7:13  Viking  
  83  7:15  SCV x2  
  87  7:20  Siege Tank  
  87  7:21  Orbital Command, Marine  
  84  7:29  Terran Infantry Armor Level 1, Terran Infantry Weapons Level 1  
  78  7:31  Barracks Reactor  
  78  7:32  Barracks Reactor  
  78  7:33  SCV x2  
  80  7:39  Combat Shield  
  80  7:41  Barracks  
  80  7:42  Barracks  
  80  7:45  SCV x2  
  80  7:47  SCV  
  83  7:55  Viking x2  
  83  7:56  Marine  
  83  7:57  SCV x2  
  90  7:59  SCV  
  91  8:06  Refinery  
  91  8:07  Refinery  
  91  8:09  SCV x2  
  91  8:11  SCV  
  91  8:12  Marine x3  
  95  8:13  Marine x2  
  99  8:20  Supply Depot  
  99  8:22  Supply Depot  
  99  8:28  SCV x2  
  99  8:32  Supply Depot  
  101  8:35  Barracks Reactor x2  
  101  8:41  Viking x2  
  101  8:42  Supply Depot, SCV, Siege Tank  
  101  8:44  Sensor Tower  
  109  8:49  Armory, Marine  
  109  8:50  Marine x3  
  109  8:51  Marine  
  109  8:52  Supply Depot x2  
  114  9:05  SCV x2  
  114  9:06  Command Center, SCV  
  117  9:11  Medivac x2  
  117  9:13  Marine x6  
  117  9:14  Marine  
  117  9:15  Marine x2  
  130  9:20  Siege Tank  
  133  9:28  Supply Depot x2  
  133  9:30  Marine  
  133  9:31  Supply Depot, Marine x2  
  136  9:33  Supply Depot  
  136  9:34  Marine x2  
  136  9:35  Marine  
  136  9:38  Terran Infantry Weapons Level 2  
  139  9:40  Terran Infantry Armor Level 2  
  139  9:42  Marine  
  140  9:46  Medivac x2  
  140  9:47  Marine  
  145  9:53  Siege Tank  
  145  9:54  Terran Vehicle Weapons Level 1  
  145  9:57  Marine x2  
  145  9:58  Marine  
  145  9:59  Marine  
  150  10:01  Factory  
  150  10:03  Marine x2  
  150  10:05  Marine x2  
  154  10:07  Barracks Reactor  
  153  10:15  Marine x3  
  153  10:16  Marine  
  153  10:21  Marine x2  
  158  10:23  Marine x2  
  161  10:28  Viking x2  
  161  10:33  Marine x3  
  161  10:34  Marine  
  169  10:38  SCV, Marine  
  169  10:39  SCV, Marine  
  169  10:40  Marine  
  169  10:41  Marine  
  175  10:48  Planetary Fortress  
  175  10:51  Marine  
  175  10:54  Refinery, Siege Tank  
  175  10:55  Siege Tank  
  175  10:56  Refinery  
  182  10:58  Viking x2  
  182  11:04  Marine x2  
  187  11:05  Marine  
  187  11:06  Marine x2  
  187  11:08  Marine x2  
  187  11:09  Marine x3  
  195  11:22  Marine  
  195  11:23  Marine x3  
  195  11:24  Marine  
  181  11:28  Viking x2  
  181  11:29  Marine  
  181  11:31  SCV x3  
  184  11:37  Starport  
  184  11:38  Starport  
  184  11:40  Marine x4  
  184  11:57  Marine x2  
  184  11:58  Marine x2  
  184  12:01  Terran Vehicle Weapons Level 2  
  188  12:10  Viking x2  
  188  12:14  Starport Tech Lab x2  
  188  12:15  Command Center, Siege Tank  
  192  12:20  Siege Tank  
  180  12:26  Marine x4  
  180  12:27  Marine  
  180  12:28  Marine x3  
  145  12:33  Raven  
  145  12:34  Raven  
  135  12:37  Marine  
  135  12:40  Marine  
  129  12:44  Marine  
  129  12:45  Viking x2  
  134  12:56  Siege Tank x2  
  134  12:58  Sensor Tower  
  140  13:04  Marine x2  
  140  13:05  Marine x3  
  143  13:15  Viking x2  
  146  13:21  Command Center  
  146  13:23  Raven x2  
  146  13:26  Command Center  
  145  13:28  Siege Tank x2  
  147  13:38  Marine x6  
  129  13:42  Marine  
  129  13:43  Marine x2  
Tags
 
Add a new tag
Caveats
  • Supply blocks, unpowered buildings, or Contaminate may cause inaccurate times.
  • Supply counts are checked every 10 seconds.